 Dungeon Crawl Stone Soup version 0.28-a0-1389-gc726bef33b (webtiles) character file.

Game seed: 11503148500418169482

2473 frimble the Carver (level 9, 0/61 HPs)
             Began as a Demonspawn Warper on Jan 4, 2022.
             Slain by a wolf (6 damage)
             ... on level 8 of the Dungeon.
             The game lasted 00:09:53 (10821 turns).

frimble the Carver (Demonspawn Warper)             Turns: 10821, Time: 00:09:54

Health: 0/61       AC:  6    Str: 12    XL:     9   Next: 26%
Magic:  0/12       EV: 13    Int: 18    God:
Gold:   378        SH:  0    Dex: 13    Spells: 8/12 levels left

rFire   + . .      SeeInvis +   s - +5 long sword (flame)
rCold   . . .      Faith    .   (no shield)
rNeg    . . .      Spirit   +   r - +2 robe {rF+}
rPois   .          Reflect  .   C - +0 helmet of Rifub {SInv}
rElec   .          Harm     .   D - +0 cloak
rCorr   .          Rampage  .   (no gloves)
Will    .....                   (no boots)
Stlth   +.........              j - amulet of guardian spirit
HPRegen 0.20/turn               (no ring)
MPRegen 0.13/turn               (no ring)

@: no status effects
A: demonic guardian 2, ignite blood 1, sturdy frame 2, weakness stinger 1
a: no special abilities


You were on level 8 of the Dungeon.
You visited 1 branch of the dungeon, and saw 8 of its levels.
You also visited: Sewer and Ossuary.

You collected 378 gold pieces.

Inventory:

Hand Weapons
 a - a +2 dagger of venom
 i - a +0 rapier
 s - a +5 long sword of flaming (weapon)
 y - a +4 short sword
Missiles
 d - 4 boomerangs of dispersal (quivered)
 k - a throwing net
 l - 9 boomerangs
Armour
 n - a +1 leather armour
 r - a +2 robe of fire resistance (worn)
 C - the +0 helmet of Rifub (worn) {SInv}
   (You found it on level 6 of the Dungeon)

   SInv:      It lets you see invisible.
 D - a +0 cloak (worn)
Jewellery
 j - an amulet of guardian spirit (around neck)
Wands
 u - a wand of acid (8)
 v - a wand of flame (26)
 w - a wand of polymorph (6)
 x - a wand of charming (9)
 A - a wand of paralysis (1)
Scrolls
 c - a scroll of blinking
 f - 2 scrolls of noise
 g - 4 scrolls of identify
 h - 2 scrolls of immolation
 m - 4 scrolls of teleportation
 t - a scroll of magic mapping
 z - a scroll of summoning {unknown}
 B - a scroll of amnesia
 E - a scroll of acquirement {unknown}
Potions
 b - 3 potions of mutation {unknown}
 e - 5 potions of flight
 o - 2 potions of haste
 p - 3 potions of curing
 q - a potion of magic


   Skills:
 - Level 2.0 Fighting
 - Level 3.7(7.5) Short Blades
 + Level 10.2(10.5) Long Blades
 - Level 0.8 Throwing
 - Level 0.8 Armour
 - Level 4.2 Dodging
 - Level 2.0 Spellcasting
 - Level 2.6 Translocations


You had 8 spell levels left.
You knew the following spells:

 Your Spells              Type           Power      Damage    Failure   Level
a - Blink                 Tloc           22%        N/A       9%          2
b - Passwall              Tmut/Erth      0%         N/A       26%         2

Your spell library contained the following spells:

 Spells                   Type           Power      Damage    Failure   Level
 Beastly Appendage        Tmut           2%         N/A       19%         1
 Sandblast                Erth           2%         2d4       19%         1
 Gell's Gravitas          Tloc           11%        N/A       19%         3
 Lesser Beckoning         Tloc           11%        N/A       19%         3
 Teleport Other           Tloc           11%        N/A       19%         3
 Wereblood                Tmut           1%         N/A       26%         2
 Portal Projectile        Hex/Tloc       12%        N/A       30%         3
 Call Canine Familiar     Summ           1%         N/A       47%         3
 Dazzling Flash           Conj/Hex       2%         N/A       47%         3
 Spider Form              Tmut/Pois      1%         N/A       47%         3
 Stone Arrow              Conj/Erth      2%         3d7       47%         3
 Manifold Assault         Tloc           11%        N/A       86%         5
 Leda's Liquefaction      Hex/Erth       0%         N/A       87%         4
 Agony                    Necr           1%         N/A       99%         5
 Silence                  Hex/Air        0%         N/A       99%         5
 Dispersal                Tloc           5%         N/A       100%        6


Dungeon Overview and Level Annotations

Branches:
Dungeon (8/15)             Temple (0/1) D:5           Sewer (visited)
Ossuary (visited)
   Lair: D:8-11

Altars:
Fedhas
Gozag
Makhleb
Uskayaw
Yredelemnul
The Shining One

Shops:
D:5 [

Annotations:
D:4 1 runed translucent door, ardl's ghost, amateur DrWn


Innate Abilities, Weirdness & Mutations

A demonic guardian rushes to your aid.
Your demonic aura sometimes causes spilled blood to erupt in flames.
Your movements are less encumbered by armour. (ER -4)
You have a small tail.


Message History

Your water moccasin is engulfed in blazing flames.
You kill your water moccasin!
The two-headed ogre is engulfed in blazing flames.
The howler monkey zombie moves out of view.
Casting: Blink (safe; 9% risk of failure)
Confirm with . or Enter, or press ? or * to list all spells.
You blink. 3 gnolls and a gnoll shaman come into view.
The gnoll shouts! x2
You barely miss the gnoll. The gnoll hits you with a +0 club.
As you read the scroll of teleportation, it crumbles to dust.
You feel strangely unstable. The gnoll hits you with a +0 club.
The gnoll hits you with a +0 club!
* * * LOW HITPOINT WARNING * * *
The gnoll shaman mumbles some strange prayers to its god against you.
You easily resist.
The gnoll hits you with a +0 flail.
* * * LOW HITPOINT WARNING * * *
The gnoll hits you with a +0 flail!
* * * LOW HITPOINT WARNING * * *
A demonic guardian appears!
The gnoll shaman hits you with a +0 club.
* * * LOW HITPOINT WARNING * * *
Your surroundings suddenly seem different.
Found 17 stones.
Found an escape hatch in the ceiling.
Found 25 stones.
You feel stable enough to blink again.
A wolf comes into view.
The wolf howls!
You hear a shout!
An orc comes into view. It is wielding a +0 mace.
An orc comes into view. It is wielding a +0 club.
An orc comes into view. It is wielding a +0 hand axe.
Found a scroll labelled YSIZXY WYECER.
The wolf pauses to sniff the ground.
A jelly comes into view.
A wolf comes into view.
The wolf bites you but does no damage.
A steam dragon comes into view.
There is an escape hatch in the ceiling here.
The wolf howls!
The steam dragon hisses angrily.
The wolf barely misses you. The wolf bites you!
You die...

.##.......
.#...[.O....o.................
.#............................
o#........Jh..o............(..
h#.....o.....o................
o#)..o...D....................
.#oo..o.......(.o.............
ho#..............h............
..#.............@.............
..#...........................
..#...S.......................
..#S..........................
..#..!.P..?...................
..#.PP..h.P...................
... ♣..P.................
......###.###########


You could see a steam dragon, 2 wolves, a jelly (wandering) and 4 orcs.

Vanquished Creatures
  A wraith (Ossuary)
  4 water moccasins
  2 necrophages (D:4)
  2 ogres
  2 centaurs
  Blork the orc (D:6)
  A scorpion (D:7)
  A water moccasin zombie (D:4)
  4 wights
  2 centaur zombies (D:4)
  3 hounds
  A human zombie (D:4)
  A centaur skeleton (D:7)
  A gnoll shaman (D:5)
  A merfolk siren (Sewer)
  3 orc wizards
  2 scorpion zombies
  A merfolk avatar (Sewer)
  A hound zombie (D:4)
  2 hound skeletons (D:4)
  A mummy (D:4)
  A howler monkey zombie (D:4)
  5 gnolls (D:5)
  8 adders
  2 howler monkey skeletons
  2 river rats (Sewer)
  A white imp (D:6)
  3 adder zombies (Ossuary)
  3 dart slugs (D:3)
  A worm (D:3)
  17 orcs
  11 ball pythons
  4 bats
  10 endoplasms
  4 giant cockroaches
  5 hobgoblins
  6 quokkas
  A ball python skeleton (Ossuary)
  9 frilled lizards
  7 goblins
  A goblin zombie (D:6)
  A hobgoblin zombie (Ossuary)
  4 kobolds
  3 kobold zombies (Ossuary)
  A quokka zombie (D:4)
  37 rats
  A rat zombie (D:6)
185 creatures vanquished.

Vanquished Creatures (collateral kills)
  A wraith (Ossuary)
  Edmund (D:5)
  A wight (Ossuary)
  Ijyb (D:3)
  An adder (D:5)
  5 orcs
  An endoplasm (D:1)
  A quokka (D:4)
12 creatures vanquished.

Vanquished Creatures (others)
  A fungus (D:8)
  20 plants
21 creatures vanquished.

Grand Total: 218 creatures vanquished

Notes
Turn   | Place    | Note
-------+----------+-------------------------------------------
     0 | D:1      | frimble the Demonspawn Warper began the quest for the Orb.
     0 | D:1      | Reached XP level 1. HP: 16/16 MP: 3/3
   254 | D:1      | Gained mutation: A weak demonic guardian rushes to your
                  | aid. [demonic ancestry]
   254 | D:1      | Reached XP level 2. HP: 20/22 MP: 5/5
  1094 | D:1      | Gained mutation: Your movements are slightly less
                  | encumbered by armour. (ER -2) [demonic ancestry]
  1094 | D:1      | Reached XP level 3. HP: 27/27 MP: 6/6
  1597 | D:2      | Found a faded altar of an unknown god.
  2426 | D:3      | Learned a level 2 spell: Blink
  2452 | D:3      | Noticed Ijyb
  2480 | D:3      | Reached XP level 4. HP: 15/33 MP: 2/7
  3133 | D:4      | Gained mutation: Your demonic aura sometimes causes spilled
                  | blood to erupt in flames. [demonic ancestry]
  3133 | D:4      | Reached XP level 5. HP: 19/38 MP: 4/8
  3292 | D:4      | Found a basalt altar of Yredelemnul.
  3427 | D:4      | Reached skill level 1 in Long Blades
  3610 | D:4      | Gained mutation: You have a small tail. [demonic ancestry]
  3610 | D:4      | Reached XP level 6. HP: 40/44 MP: 6/9
  3646 | D:4      | Reached skill level 2 in Long Blades
  3704 | D:4      | Reached skill level 3 in Long Blades
  3805 | D:4      | Reached skill level 4 in Long Blades
  3805 | D:4      | Gained mutation: A demonic guardian rushes to your aid.
                  | [demonic ancestry]
  3805 | D:4      | Reached XP level 7. HP: 32/50 MP: 5/10
  4002 | D:4      | Found a runed translucent door.
  4004 | D:4      | Noticed ardl's ghost (amateur DrWn)
  4815 | D:3      | Killed Ijyb
  5134 | D:3      | Reached skill level 5 in Long Blades
  5443 | D:5      | Entered Level 5 of the Dungeon
  5677 | D:5      | Noticed Edmund
  5698 | D:5      | Killed Edmund
  5722 | D:5      | Learned a level 2 spell: Passwall
  5804 | D:5      | Found a glowing drain.
  5815 | Sewer    | Entered a sewer
  6035 | Sewer    | Reached skill level 6 in Long Blades
  6491 | Sewer    | Identified the +2 leather armour of Fortification {rPois
                  | Will- Str+5}
  6687 | D:5      | Reached XP level 8. HP: 43/56 MP: 7/11
  6941 | D:5      | Identified the +6 war axe of Eternal Harmony {flame, Str+5}
  6987 | D:5      | Reached skill level 7 in Long Blades
  7255 | D:5      | Found a staircase to the Ecumenical Temple.
  7286 | D:5      | Found Voafaby's Antique Armour Emporium.
  7388 | D:5      | Found an opulent altar of Gozag.
  7538 | D:6      | Noticed Blork the orc
  7551 | D:6      | Killed Blork the orc
  7690 | D:6      | Found a hide-covered altar of Uskayaw.
  7980 | D:6      | Found a sand-covered staircase.
  7988 | Ossuary  | Entered an ossuary
  8095 | Ossuary  | Reached skill level 8 in Long Blades
  8220 | Ossuary  | Noticed a flying skull
  8227 | Ossuary  | Noticed a flying skull
  8229 | Ossuary  | Noticed a flying skull
  8233 | Ossuary  | Noticed a flying skull
  8253 | Ossuary  | Noticed a flying skull
  8395 | Ossuary  | Reached skill level 9 in Long Blades
  9561 | D:6      | Identified the +0 helmet of Rifub {SInv}
 10200 | D:7      | Gained mutation: Your movements are less encumbered by
                  | armour. (ER -4) [demonic ancestry]
 10200 | D:7      | Reached XP level 9. HP: 61/61 MP: 12/12
 10437 | D:7      | Found a burning altar of Makhleb.
 10470 | D:7      | Found a blossoming altar of Fedhas.
 10788 | D:8      | Noticed a two-headed ogre
 10789 | D:8      | Reached skill level 10 in Long Blades
 10821 | D:8      | Slain by a wolf

Illustrated notes

Levels and vault maps discovered:
D:1:      dpeg_arrival_ratfight, layout_basic, minmay_rat_gold_closets
D:2:      layout_loops_ring, ebering_ecumenical_altar_sacrificial
D:3:      layout_rooms, minivault_26, serial_bayou_lagoon_a, uniq_ijyb
D:4:      layout_rooms, lemuel_mausoleum_altar_yredelemnul,
          hellmonk_ghost_happy_afterlife, roderic_filled_cross, st_stairs_8
D:5:      layout_loops_ring, mainiacjoe_overflow_alcove_1, temple_hall,
          serial_shops, nicolae_take_the_stairs, portal_sewer_entry_f,
          uniq_edmund
D:6:      layout_loops_corners, mainiacjoe_overflow_swirl, enter_ossuary_4,
          uniq_blork_the_orc
D:7:      layout_basic, makhleb_heckhound_becter, lemuel_crystal_altar
D:8:      layout_basic, minmay_lair_entry_grove

Skill      XL: |  1  2  3  4  5  6  7  8  9 |
---------------+----------------------------+-----
Short Blades   | 2 3 |  3.7
Dodging        | 2 3 4 |  4.2
Long Blades    | 1 4 6 9 10 | 10.2
Fighting       | |  2.0
Throwing       | |  0.8
Armour         | |  0.8
Spellcasting   | |  2.0
Translocations | |  2.6

Action                   |  1- 3 |  4- 6 |  7- 9 || total
-------------------------+-------+-------+-------++-------
Melee: Short sword       |   115 |       |       ||   115
       Rapier            |    29 |    55 |       ||    84
       Falchion          |       |    75 |    93 ||   168
       Tailslap          |       |     2 |    49 ||    51
       Dagger            |       |       |   199 ||   199
       Long sword        |       |       |   119 ||   119
Throw: Boomerang         |     1 |       |       ||     1
 Cast: Blink             |     1 |       |     9 ||    10
       Passwall          |       |       |     1 ||     1
Evoke: Wand              |       |       |     5 ||     5
  Use: Scroll            |     4 |       |    10 ||    14
       Potion            |       |       |     1 ||     1
 Stab: Sleeping          |     4 |     1 |     1 ||     6
       Distracted        |       |     1 |       ||     1
Armor: Leather armour    |    32 |    30 |     3 ||    65
       Robe              |       |       |    68 ||    68
Dodge: Dodged            |    83 |    79 |   228 ||   390

Table legend: (Time is in decaauts)
 A = Elapsed time spent in this place.
 B = Non-inter-level travel time spent in this place.
 C = Inter-level travel time spent in this place.
 D = Time resting spent in this place.
 E = Time spent auto-exploring this place.
 F = Levels seen in this place.
 G = Mean time per level.
                   A        B        C        D        E       F      G
               +--------+--------+--------+--------+--------+-----+--------+
         Total |  10850 |  10479 |    371 |    274 |   8607 |  10 | 1085.0 |
       Dungeon |   9096 |   8725 |    371 |    274 |   7204 |   8 | 1137.0 |
         Sewer |    809 |    809 |      0 |      0 |    613 |   1 |  809.0 |
       Ossuary |    945 |    945 |      0 |      0 |    789 |   1 |  945.0 |
               +--------+--------+--------+--------+--------+-----+--------+

Top non-repeatable levels by time:
     D:4: 2105 daAuts
     D:6: 1517 daAuts
     D:1: 1478 daAuts
     D:5: 1191 daAuts
     D:3: 958 daAuts
 Ossuary: 945 daAuts
     D:2: 926 daAuts
     D:7: 869 daAuts
   Sewer: 809 daAuts
     D:8: 49 daAuts
